 Dungeon Crawl Stone Soup version 0.28-b1-25-g9875b3fc8c (webtiles) character file.

Game seed: 681308233543550245

186 cayde69 the Magician (level 5, -2/38 HPs)
             Began as a Djinni Conjurer on Feb 1, 2022.
             Slain by a scorpion zombie (6 damage)
             ... on level 2 of the Dungeon.
             The game lasted 00:09:07 (2626 turns).

cayde69 the Magician (Djinni Conjurer)              Turns: 2626, Time: 00:09:08

Health: -2/38      AC:  3    Str:  6    XL:     5   Next: 97%
Gold:   38         EV: 11    Int: 21    God:
                   SH:  0    Dex: 12

rFire   + + .      SeeInvis .   f - +0 spear
rCold   x . .      Faith    .   (no shield)
rNeg    . . .      Spirit   .   i - +0 leather armour
rPois   ∞          Reflect  .   (no helmet)
rElec   .          Harm     .   (no cloak)
rCorr   .          Rampage  .   (no gloves)
Will    .....                   (boots unavailable)
Stlth   +.........              (no amulet)
HPRegen 0.12/turn               (no ring)
MPRegen 0.00/turn               (no ring)

@: flying, very slightly contaminated
A: sickness immunity, fire resistance 2, cold vulnerability 1, float, innate
caster, HP casting, extra vitality 1
a: no special abilities


You were on level 2 of the Dungeon.
You visited 1 branch of the dungeon, and saw 2 of its levels.

You collected 38 gold pieces.

Inventory:

Hand Weapons
 f - a +0 spear (weapon)
Armour
 a - a +0 robe
 e - a +0 leather armour
 i - a +0 leather armour (worn)
Scrolls
 c - 2 scrolls of teleportation {unknown}
 d - a scroll of enchant weapon {unknown}
 h - a scroll of vulnerability {unknown}
 j - a scroll of immolation {unknown}
Potions
 b - a potion of degeneration {unknown}
 g - 2 potions of heal wounds {unknown}


   Skills:
 * Level 2.1 Fighting
 - Level 2.1 Dodging
 - Level 1.5 Stealth
 + Level 4.9 Spellcasting


You couldn't memorise any spells.
You knew the following spells:

 Your Spells              Type           Power      Damage    Failure   Level
a - Magic Dart            Conj           100%       1d8       2%          1
b - Searing Ray           Conj           50%        2d6       3%          2
c - Dazzling Flash        Conj/Hex       50%        N/A       7%          3
d - Fulminant Prism       Conj/Hex       12%        3d9       22%         4
e - Iskenderun's Mystic   Conj/Tloc      25%        2d7       22%         4
f - Animate Skeleton      Necr           50%        N/A       2%          1
g - Ensorcelled Hibernat  Hex/Ice        50%        N/A       3%          2
Your spell library was empty.

Dungeon Overview and Level Annotations

Branches:
Dungeon (2/15)

Altars:
The Shining One


Innate Abilities, Weirdness & Mutations

You are immune to sickness and miasma.
You are immune to poison.
Your flesh is very heat resistant. (rF++)
You are vulnerable to cold. (rC-)
You float through the air rather than walking.
You learn spells naturally, not from books.
Your magical power is your life essence.
You have superior vitality. (+4 MHP)


Message History

The scorpion zombie hits you.
You are too injured to fight recklessly!
You are too injured to fight recklessly!
You are too injured to fight recklessly!
You are too injured to fight recklessly!
Casting: Magic Dart (safe; 2% risk of failure)
Confirm with . or Enter, or press ? or * to list all spells.
Aiming: Magic Dart (safe; 2% risk of failure)
Press: ? - help, Shift-Dir - straight line, f/p - scorpion zombie
Aim: a scorpion zombie (almost destroyed, 100% to hit)
You miscast Magic Dart.
You are very lightly contaminated with residual magic.
Nothing appears to happen.
The scorpion zombie barely misses you.
Casting: Magic Dart (safe; 2% risk of failure)
Confirm with . or Enter, or press ? or * to list all spells.
Aiming: Magic Dart (safe; 2% risk of failure)
Press: ? - help, Shift-Dir - straight line, f/p - scorpion zombie
Aim: a scorpion zombie (almost destroyed, 100% to hit)
The magic dart hits the scorpion zombie.
The scorpion zombie is almost destroyed.
The scorpion zombie hits you.
* * * LOW HITPOINT WARNING * * *
Unknown command.
Casting: Magic Dart (safe; 2% risk of failure)
Confirm with . or Enter, or press ? or * to list all spells.
Aiming: Magic Dart (safe; 2% risk of failure)
Press: ? - help, Shift-Dir - straight line, f/p - scorpion zombie
Aim: a scorpion zombie (almost destroyed, 100% to hit)
The magic dart hits the scorpion zombie.
The scorpion zombie is almost destroyed.
* * * LOW HITPOINT WARNING * * *
The scorpion zombie hits you.
* * * LOW HITPOINT WARNING * * *
You hit the scorpion zombie but do no damage.
The scorpion zombie is almost destroyed.
The scorpion zombie closely misses you.
You barely miss the scorpion zombie.
The scorpion zombie is almost destroyed.
The scorpion zombie hits you.
You die...

##....##..........(....#.#.#####
.............#.###.....#.#.#
###†....#....#...........#.#
....._.....................#
............................
............................
.....................8......
.............##....(....
######.....####.@Z......
######.........##.......
...............# .......
.....#.........# .......
.....'.........# .......
.....##........# ..<....
....>#.........# .......
.#.............# )......
.#..##.........#


You could see a scorpion zombie.

Vanquished Creatures
  An ogre (D:2)
  2 adders (D:2)
  4 gnolls (D:2)
  A worm (D:2)
  4 bats
  2 bat skeletons (D:2)
  A bat zombie (D:2)
  7 endoplasms
  3 giant cockroaches
  A goblin (D:1)
  3 hobgoblins
  A quokka (D:1)
  6 ball pythons
  A ball python skeleton (D:2)
  2 ball python zombies (D:2)
  5 kobolds
  4 rats
48 creatures vanquished.

Notes
Turn   | Place    | Note
-------+----------+-------------------------------------------
     0 | D:1      | cayde69 the Djinni Conjurer began the quest for the Orb.
     0 | D:1      | Reached XP level 1. HP: 15/15 MP: 0/0
   289 | D:1      | Reached XP level 2. HP: 16/22 MP: 0/0
   723 | D:1      | Found a faded altar of an unknown god.
  1126 | D:1      | Reached XP level 3. HP: 25/26 MP: 0/0
  1126 | D:1      | Learned a level 1 spell: Animate Skeleton
  1362 | D:2      | Reached skill level 1 in Fighting
  1362 | D:2      | Reached skill level 4 in Spellcasting
  1494 | D:2      | Reached XP level 4. HP: 25/32 MP: 0/0
  1933 | D:2      | Noticed an ogre
  1940 | D:2      | Killed an ogre
  1941 | D:2      | Reached XP level 5. HP: 28/38 MP: 0/0
  1941 | D:2      | Learned a level 2 spell: Ensorcelled Hibernation
  2167 | D:2      | Found a glowing golden altar of the Shining One.
  2626 | D:2      | Slain by a scorpion zombie

Illustrated notes

Levels and vault maps discovered:
D:1:      tarquinn_simple_flora_water_b, layout_loops_cross,
          basic_ecumenical_altar, serial_park_tiny_2, minmay_misc_feat_rows,
          serial_bayou_ford_a
D:2:      layout_basic, basic_altar, serial_undead, serial_undead_d,
          serial_undead_a, serial_undead_b, serial_undead_e

Skill      XL: |  1  2  3  4  5 |
---------------+----------------+-----
Fighting       | 1 2 |  2.1
Spellcasting   | 4 |  4.9
Dodging        | |  2.1
Stealth        | |  1.5

Action                   |  1- 3 |  4- 6 || total
-------------------------+-------+-------++-------
Melee: Unarmed           |     6 |       ||     6
       Spear             |       |    45 ||    45
       Punch             |       |     2 ||     2
 Cast: Magic Dart        |    45 |    54 ||    99
       Searing Ray       |     5 |     1 ||     6
Armor: Robe              |     3 |    10 ||    13
       Leather armour    |       |    10 ||    10
Dodge: Dodged            |    11 |    44 ||    55
